 Dungeon Crawl Stone Soup version 0.31-a0-1009-g454b1f1e0a (webtiles) character file.

Game seed: 4596294214924872063

3230 Dirtsage the Grappler (level 9, 0/108 HPs)
             Began as a Demonspawn Berserker on Nov 13, 2023.
             Was an Elder of Trog.
             Killed from afar by an electric eel (13 damage)
             ... with a bolt of electricity
             ... on level 7 of the Dungeon.
             The game lasted 00:13:33 (6946 turns).

Dirtsage the Grappler (Demonspawn Berserker)        Turns: 6946, Time: 00:13:34

Health: 0/108      AC: 16    Str: 21    XL:     9   Next: 66%
Magic:  0/9        EV:  8    Int:  8    God:    Trog [****..]
Gold:   338        SH:  0    Dex: 14    Spells: 8/8 levels left

rFire   + +          .
                       - Unarmed
rCold   . . .        (no shield)
rNeg    . . .        z - +1 chain mail {rF+}
rPois   .            k - +2 helmet
rElec   .            H - +0 cloak
rCorr   +            l - +0 pair of gloves
SInv    .            (no boots)
Will    .....        c - amulet of guardian spirit Stlth
                     C - ring of resist corrosion
HPRegen 0.38/turn    F - ring of protection from fire
MPRegen 0.11/turn

%: guardian spirit
@: berserking, very quick
A: claws 2, icy blue scales 1, spiny 3
a: Renounce Religion, Berserk, Trog's Hand, Brothers in Arms


You were on level 7 of the Dungeon.
You worshipped Trog.
Trog was greatly pleased with you.
You visited 2 branches of the dungeon, and saw 8 of its levels.
You also visited: Sewer.

You collected 338 gold pieces.

Inventory:

Hand Weapons
 a - a +0 hand axe
Missiles
 i - 5 curare-tipped darts
Armour
 k - a +2 helmet (worn)
 l - a +0 pair of gloves (worn)
 z - a +1 chain mail of fire resistance (worn)
 H - a +0 cloak (worn)
Jewellery
 c - an amulet of guardian spirit (around neck)
 w - a ring of ice
 C - a ring of resist corrosion (left hand)
 F - a ring of protection from fire (right hand)
 G - a +6 ring of dexterity
 W - a ring of wizardry
Wands
 E - a wand of acid (9)
Scrolls
 b - 2 scrolls of amnesia
 e - 2 scrolls of summoning
 f - a scroll of vulnerability
 g - a scroll of fear
 j - a scroll of poison
 m - 2 scrolls of torment
 p - 6 scrolls of noise
 t - 3 scrolls of teleportation
 u - a scroll of silence
 x - a scroll of immolation
 D - a scroll of enchant armour
Potions
 d - 3 potions of might
 h - a potion of haste
 n - a potion of resistance
 o - 4 potions of heal wounds {unknown}
 q - 2 potions of curing
 r - a potion of enlightenment
 s - a potion of brilliance {unknown}
 v - a potion of berserk rage {unknown}
 y - a potion of lignification {unknown}
 A - a potion of cancellation {unknown}
 B - a potion of mutation {unknown}


   Skills:
 + Level 7.1 Fighting
 - Level 6.2 Axes
 - Level 1.7 Armour
 - Level 1.7 Dodging
 * Level 9.5 Unarmed Combat


You had 8 spell levels left.
You didn't know any spells.
Your spell library contained the following spells:

 Spells                   Type           Power      Damage    Failure   Level
 Freeze                   Ice            0%         1d3       97%         1
 Blink                    Tloc           0%         N/A       99%         2
 Cigotuvi's Dreadful Rot  Necr/Pois/Air  0%         N/A       99%         2
 Lesser Beckoning         Tloc           0%         N/A       99%         2
 Momentum Strike          Conj/Tloc      0%         3d8       99%         2
 Dazzling Flash           Conj/Hex       0%         N/A       100%        3
 Frozen Ramparts          Ice            0%         1d1       100%        3
 Hailstorm                Conj/Ice       0%         3d3       100%        3
 Ignite Poison            Fire/Tmut/Pois 0%         N/A       100%        3
 Volatile Blastmotes      Fire/Tloc      0%         2d10      100%        3
 Freezing Cloud           Conj/Ice/Air   0%         6-21      100%        5
 Starburst                Conj/Fire      0%         6d3       100%        6
 Maxwell's Capacitive Co  Air            0%         ∞         100%        8


Dungeon Overview and Level Annotations

Branches:
Dungeon (7/15)             Temple (1/1) D:4           Sewer (visited)

Altars:
Ashenzari
Cheibriados
Dithmenos
Fedhas
Hepliaklqana
Kikubaaqudgha
Makhleb
Nemelex Xobeh
Qazlal
Ru
Trog
Uskayaw
Vehumet
Wu Jian
Yredelemnul


Innate Abilities, Weirdness & Mutations

You have very sharp fingernails.
You are partially covered in icy blue scales. (AC +2)
You are completely covered in sharp spines.


Message History

The arrow hits you!
The electric eel shoots out a bolt of lightning at you!
The bolt of electricity hits you! The bolt of electricity hits you.
* * * LOW HITPOINT WARNING * * *
The bolt of electricity hits the electric eel.
The electric eel completely resists.
You take 19 damage, and have 21/72 hp.
MASSIVE DAMAGE!!
You now have 3/9 mp.
You barely miss the electric eel.
The centaur shoots an arrow.
The arrow hits you but does no damage.
Found a sparkling altar of Nemelex Xobeh.
The centaur shoots an arrow.
The arrow closely misses you.
The arrow misses the electric eel.
The centaur shoots an arrow.
The arrow completely misses you.
The arrow barely misses the electric eel.
The electric eel shoots out a bolt of lightning at you!
The bolt of electricity hits you.
* * * LOW HITPOINT WARNING * * *
You take 2 damage, and have 19/72 hp.
You barely miss the electric eel.
The centaur shoots an arrow.
The arrow completely misses you.
The arrow closely misses the electric eel.
You punch the electric eel!
The electric eel is heavily wounded.
The centaur shoots an arrow.
The arrow hits you.
* * * LOW HITPOINT WARNING * * *
The electric eel shoots out a bolt of lightning at you!
The bolt of electricity hits you.
* * * LOW HITPOINT WARNING * * *
You take 9 damage, and have 10/72 hp.
You now have 1/9 mp.
You hit the electric eel.
The electric eel is heavily wounded.
The centaur shoots an arrow.
The arrow barely misses you.
The arrow barely misses the electric eel.
A red film seems to cover your vision as you go berserk!
You feel yourself moving faster!
You feel mighty!
The centaur shoots an arrow.
The arrow hits you.
* * * LOW HITPOINT WARNING * * *
The electric eel shoots out a bolt of lightning at you!
The bolt of electricity hits you!
You die...

########...###...####.
......#..###.).......
≈≈≈≈.#....))########
..≈.######..~.## #.≈.#
##..~..### ≈ #.≈.#
#...≈..... _.≈ #.≈.#
#.##≈##### ...≈.#.S.##
##.# ≈# #.≈@#.###..#
≈# #.≈.#.....## ##
#.≈.#.#.### ...≈.#...#
≈≈≈≈≈.#.### #..c...#.#
..#######.# ≈≈ ..# ###


You could see a centaur and an electric eel.

Vanquished Creatures
  Jeremiah (D:6)
  A troll (D:6)
  Sigmund (D:2)
  Edmund (D:4)
  An orc warrior (D:7)
  2 ice beasts
  A sky beast (D:7)
  3 ogres
  A centaur (D:6)
  A kobold brigand (D:6)
  3 bullfrogs (D:6)
  4 scorpions
  3 wights (D:6)
  An electric eel (D:7)
  Crazy Yiuf (D:3)
  7 hounds
  4 orc priests
  A gnoll bouda (D:6)
  3 jellies
  2 sleepcaps (D:6)
  4 iguanas
  3 orc wizards
  A statue (D:7)
  Robin (D:2)
  11 adders
  3 gnolls (D:6)
  A river rat (Sewer)
  3 white imps (D:5)
  4 ufetubi (D:5)
  4 worms
  4 dart slugs
  20 orcs
  7 bats
  13 endoplasms
  4 giant cockroaches
  16 goblins
  7 hobgoblins
  6 quokkas
  9 ball pythons
  6 frilled lizards
  12 kobolds
  5 rats
186 creatures vanquished.

Notes
Turn   | Place    | Note
-------+----------+-------------------------------------------
     0 | D:1      | Dirtsage the Demonspawn Berserker began the quest for the
                  | Orb.
     0 | D:1      | Reached XP level 1. HP: 18/18 MP: 1/1
   124 | D:1      | Gained mutation: You are partially covered in sharp spines.
                  | [demonic ancestry]
   124 | D:1      | Reached XP level 2. HP: 24/24 MP: 2/2
   610 | D:1      | Reached XP level 3. HP: 29/29 MP: 3/3
   820 | D:2      | Noticed Robin
   822 | D:2      | Reached ** piety under Trog
   838 | D:2      | Killed Robin
   978 | D:2      | Reached XP level 4. HP: 35/35 MP: 4/4
  1498 | D:2      | Noticed Sigmund
  1528 | D:2      | Killed Sigmund
  1529 | D:2      | Gained mutation: You are mostly covered in sharp spines.
                  | [demonic ancestry]
  1529 | D:2      | Reached XP level 5. HP: 9/41 MP: 5/5
  1973 | D:3      | Gained mutation: You have sharp fingernails. [demonic
                  | ancestry]
  1973 | D:3      | Reached XP level 6. HP: 47/47 MP: 6/6
  2126 | D:3      | Found a faded altar of an unknown god.
  2278 | D:3      | Reached skill level 1 in Unarmed Combat
  2411 | D:3      | Found an ancient bone altar of Kikubaaqudgha.
  2573 | D:3      | Found a runed translucent door.
  2574 | D:3      | Noticed Crazy Yiuf
  2582 | D:3      | Killed Crazy Yiuf
  2714 | D:4      | Noticed Edmund
  2724 | D:4      | Killed Edmund
  2725 | D:4      | Reached skill level 3 in Unarmed Combat
  3045 | D:4      | Gained mutation: You are completely covered in sharp
                  | spines. [demonic ancestry]
  3045 | D:4      | Reached XP level 7. HP: 52/52 MP: 7/7
  3067 | D:4      | Found a glowing drain.
  3071 | Sewer    | Entered a sewer
  3080 | Sewer    | Reached *** piety under Trog
  3255 | Sewer    | Reached skill level 4 in Unarmed Combat
  3443 | D:4      | Found a staircase to the Ecumenical Temple.
  3464 | Temple   | Entered the Ecumenical Temple
  4201 | D:5      | Entered Level 5 of the Dungeon
  4275 | D:5      | Reached skill level 5 in Unarmed Combat
  4533 | D:5      | Gained mutation: You are partially covered in icy blue
                  | scales. (AC +2) [demonic ancestry]
  4533 | D:5      | Reached XP level 8. HP: 40/60 MP: 4/8
  4804 | D:5      | Reached skill level 6 in Unarmed Combat
  4832 | D:5      | Found a stormy altar of Qazlal.
  5253 | D:6      | Identified the of Zeiduog
  5303 | D:6      | Found a burning altar of Makhleb.
  5303 | D:6      | Noticed a cacodemon
  5306 | D:6      | Noticed a smoke demon
  5555 | D:6      | Reached skill level 5 in Fighting
  5555 | D:6      | Reached skill level 7 in Unarmed Combat
  5615 | D:6      | Noticed Jeremiah
  5645 | D:6      | Killed Jeremiah
  5777 | D:6      | Gained mutation: You have very sharp fingernails. [demonic
                  | ancestry]
  5777 | D:6      | Reached XP level 9. HP: 63/69 MP: 7/9
  5834 | D:6      | Reached skill level 8 in Unarmed Combat
  5865 | D:6      | Reached **** piety under Trog
  5908 | D:6      | Found a bloodstained altar of Trog.
  6024 | D:6      | Noticed a troll
  6038 | D:6      | Killed a troll
  6487 | D:6      | Reached skill level 9 in Unarmed Combat
  6555 | D:6      | Found an ornate altar of the Wu Jian Council.
  6677 | D:7      | Identified the "Mixumm"
  6722 | D:7      | Found a radiant altar of Vehumet.
  6942 | D:7      | Found a sparkling altar of Nemelex Xobeh.
  6946 | D:7      | Killed from afar by an electric eel

Illustrated notes

Levels and vault maps discovered:
D:1:      lemuel_arrival_cross, layout_rooms, serial_forest,
          infiniplex_forest_lined_3, infiniplex_forest_end_2,
          infiniplex_forest_split, infiniplex_forest_end_3,
          infiniplex_forest_fountain, infiniplex_forest_corner_1,
          infiniplex_forest_lined_room_2
D:2:      layout_basic, chequers_serial_rivers_large_a, chequers_big_river,
          dk_noncrumbling_3, serial_park_tiny_1, uniq_robin, uniq_sigmund
D:3:      layout_loops_cross, kiku_gazebo_garden_becter,
          ebering_ecumenical_altar_mist, uniq_crazy_yiuf_cottage
D:4:      layout_loops_corners, minmay_temple_entry_purple_smoke,
          gup_sewer_entry_spiral, uniq_edmund
D:5:      layout_gridville, lemuel_doored_altar, serial_park_tiny_2,
          grunt_decor_junction
D:6:      minmay_opposing_rooms, layout_gridville, trog_book,
          makhleb_altar_promises_db, nzn_wu_jian_council_hall,
          minmay_starry_boxes, uniq_jeremiah
D:7:      kennysheep_windowed_halls, layout_layer_cave,
          mainiacjoe_overflow_surrounded_room, vehumet_statue,
          nicolae_overflow_squiral, serial_rivers,
          chequers_serial_rivers_micro_b, chequers_serial_rivers_micro_b,
          chequers_serial_rivers_small_b, chequers_serial_rivers_micro_a,
          amcnicky_mini_pool_medium, uniq_joseph
Temple:   chequers_temple_sunken

Skill      XL: |  1  2  3  4  5  6  7  8  9 |
---------------+----------------------------+-----
Axes           | 3 4 6 |  6.2
Unarmed Combat | 3 5 7 9 |  9.5
Fighting       | 4 5 7 |  7.1
Armour         | |  1.7
Dodging        | |  1.7

Action                     |  1- 3 |  4- 6 |  7- 9 || total
---------------------------+-------+-------+-------++-------
  Melee: Hand axe          |   111 |   105 |    61 ||   277
         Punch             |       |     1 |    12 ||    13
         Unarmed           |       |       |   212 ||   212
 Invoke: Berserk           |       |     3 |     3 ||     6
    Use: Potion            |       |     6 |       ||     6
         Scroll            |       |       |    11 ||    11
 Armour: Scale mail        |    48 |    28 |       ||    76
         Chain mail        |       |    33 |   203 ||   236
  Dodge: Dodged            |    43 |    26 |    76 ||   145

Table legend: (Time is in decaauts)
 A = Elapsed time spent in this place.
 B = Non-inter-level travel time spent in this place.
 C = Inter-level travel time spent in this place.
 D = Time resting spent in this place.
 E = Time spent auto-exploring this place.
 F = Levels seen in this place.
 G = Mean time per level.
                   A        B        C        D        E       F      G
               +--------+--------+--------+--------+--------+-----+--------+
         Total |   7074 |   6526 |    548 |    138 |   5236 |   9 |  786.0 |
       Dungeon |   6720 |   6172 |    548 |    138 |   5004 |   7 |  960.0 |
        Temple |      4 |      4 |      0 |      0 |      0 |   1 |    4.0 |
         Sewer |    349 |    349 |      0 |      0 |    232 |   1 |  349.0 |
               +--------+--------+--------+--------+--------+-----+--------+

Top non-repeatable levels by time:
     D:6: 1432 daAuts
     D:4: 1244 daAuts
     D:2: 1187 daAuts
     D:5: 1043 daAuts
     D:1: 797 daAuts
     D:3: 754 daAuts
   Sewer: 349 daAuts
     D:7: 261 daAuts
  Temple: 4 daAuts
